 Dungeon Crawl Stone Soup version 0.26-a0-712-ga5a9c9c9d0 (webtiles) character file.

Game seed: 8899437309405734121

22 ANON1729 the Insei (level 2, 0/25 HPs)
             Began as a Deep Dwarf Transmuter on Nov 1, 2020.
             Slain by an adder (3 damage)
             ... on level 2 of the Dungeon.
             The game lasted 00:02:15 (695 turns).

ANON1729 the Insei (Deep Dwarf Transmuter)           Turns: 695, Time: 00:02:15

Health: 0/25       AC:  2    Str: 13    XL:     2   Next: 68%
Magic:  4/5        EV: 12    Int: 13    God:
Gold:   56         SH:  0    Dex: 13    Spells: 4/5 levels left

rFire    . . .     SeeInvis .   c - +0 spear
rCold    . . .     Faith    .   (no shield)
rNeg     + . .     Spirit   .   a - +0 robe
rPois    .         Reflect  .   (helmet currently unavailable)
rElec    .         Harm     .   (no cloak)
rCorr    .         Rampage  .   (no gloves)
MR       .....                  (boots currently unavailable)
Stlth    +.........             (no amulet)
HPRegen  0.00/turn              e - ring of positive energy
MPRegen  0.09/turn              (no ring)

@: lethally poisoned (0 -> 0), appendages, non-regenerating
A: damage resistance, heal wounds, horns 2, talons 2, sense surroundings 1, no
regeneration
a: Heal Wounds, End Transformation


You were on level 2 of the Dungeon.
You had grown temporary horns.
You had grown temporary talons.
You visited 1 branch of the dungeon, and saw 2 of its levels.

You collected 56 gold pieces.

Inventory:

Hand Weapons
 b - a +0 dagger
 c - a +0 spear (weapon)
Armour
 a - a +0 robe (worn)
Jewellery
 e - a ring of positive energy (left hand)
Scrolls
 d - a scroll of remove curse {unknown}
Potions
 f - a potion of haste {unknown}
 g - 2 potions of cancellation {unknown}


   Skills:
 + Level 1.2 Fighting
 + Level 2.3 Dodging
 + Level 2.8 Unarmed Combat
 * Level 2.1 Spellcasting
 * Level 2.2 Transmutations


You had 4 spell levels left.
You knew the following spells:

 Your Spells              Type           Power        Failure   Level
a - Beastly Appendage     Tmut           #.....       11%         1

Your spell library contained the following spells:

 Spells                   Type           Power        Failure   Level
 Wereblood                Tmut           #.......     16%         2
 Spider Form              Tmut/Pois      #.........   43%         3
 Ice Form                 Ice/Tmut       #.......     85%         4
 Blade Hands              Tmut           #.........   96%         5


Dungeon Overview and Level Annotations

Branches:
Dungeon (2/15)

Altars:


Innate Abilities, Weirdness & Mutations

You are resistant to damage.
You can heal yourself by infusing magical energy.
You passively map a small area around you.
You do not regenerate.
You have a pair of horns on your head.
You have razor-sharp toenails.


Message History

You closely miss the adder.
The adder is almost dead.
The adder bites you.
* * * LOW HITPOINT WARNING * * *
The adder closely misses you.
You closely miss the adder.
The adder is almost dead.
The adder misses you.
You barely miss the adder.
The adder is almost dead.
The adder bites you but does no damage. The adder misses you.
Casting: Beastly Appendage (safe; 11% risk of failure)
Confirm with . or Enter, or press ? or * to list all spells.
You grow a pair of large bovine horns.
Your feet morph into talons.
The adder bites you.
* * * LOW HITPOINT WARNING * * *
You miss the adder. Your kick misses the adder.
The adder is almost dead.
The adder bites you.
You die...

#≈≈....... #...#..##
#...#..<# * , *
#.#..#.## #......#
###....# , ###..#
#..##### ,
######..@...#
.≈≈≈...S###.# ,
######.g.g$...# *
...)..[...#########
,
#................!.#
#)........?.[l.....#
#.......!.....<....#
#..................#
#...>.......g......#


You could see an adder and a goblin.

Vanquished Creatures
  2 bats (D:1)
  2 giant cockroaches (D:1)
  3 goblins
  3 hobgoblins
  3 kobolds
  2 ball pythons (D:1)
  2 frilled lizards (D:1)
  4 rats (D:1)
21 creatures vanquished.

Notes
Turn   | Place    | Note
-------+----------+-------------------------------------------
     0 | D:1      | ANON1729 the Deep Dwarf Transmuter began the quest for the
                  | Orb.
     0 | D:1      | Reached XP level 1. HP: 16/16 MP: 3/3
    61 | D:1      | Reached skill level 1 in Fighting
   139 | D:1      | Reached XP level 2. HP: 11/25 MP: 2/4
   695 | D:2      | Slain by an adder

Illustrated notes

Levels and vault maps discovered:
D:1:      ncdulo_watergridlock, layout_basic
D:2:      layout_basic, marbit_many_paths, chequers_ecumenical_altar_simple,
          serial_rivers, chequers_serial_rivers_small_b,
          chequers_serial_rivers_marsh, chequers_serial_rivers_room_a,
          chequers_serial_rivers_small_b, chequers_serial_rivers_small_b,
          chequers_serial_rivers_micro_d, dk_noncrumbling_3,
          corexii_corridor_pit

Skill      XL: |  1  2 |
---------------+-------+-----
Fighting       | 1 |  1.2
Transmutations | 2 |  2.2
Spellcasting   | 2 |  2.1
Dodging        | |  2.3
Unarmed Combat | |  2.8

Action                   || total
-------------------------++-------
Melee: Spear             ||    88
       Unarmed           ||     5
       Headbutt          ||     5
       Kick              ||     3
       Punch             ||     1
 Cast: Beastly Appendage ||     9
 Abil: Heal Wounds       ||     1
Armor: Robe              ||    24
Dodge: Dodged            ||    57

Table legend: (Time is in decaauts)
 A = Elapsed time spent in this place.
 B = Non-inter-level travel time spent in this place.
 C = Inter-level travel time spent in this place.
 D = Time resting spent in this place.
 E = Time spent auto-exploring this place.
 F = Levels seen in this place.
 G = Mean time per level.
                   A        B        C        D        E       F      G
               +--------+--------+--------+--------+--------+-----+--------+
         Total |    703 |    643 |     60 |      0 |    459 |   2 |  351.5 |
       Dungeon |    703 |    643 |     60 |      0 |    459 |   2 |  351.5 |
               +--------+--------+--------+--------+--------+-----+--------+

Top non-repeatable levels by time:
     D:1: 660 daAuts
     D:2: 43 daAuts
